 Dungeon Crawl Stone Soup version 0.30.1-9-gdf580d7c3d (webtiles) character file.

Game seed: 8889881967761121765

3510 bearlyready the Basher (level 10, -19/77 HPs)
             Began as a Gnoll Reaver on Oct 14, 2023.
             Was a Follower of Nemelex Xobeh.
             Killed from afar by an efreet (27 damage)
             ... with a fireball
             ... on level 8 of the Dungeon.
             The game lasted 00:11:08 (5808 turns).

bearlyready the Basher (Gnoll Reaver)               Turns: 5808, Time: 00:11:09

Health: -19/77     AC:  9    Str: 12    XL:     10   Next: 8%
Magic:  12/20      EV: 12    Int: 23    God:    Nemelex Xobeh [*.....]
Gold:   414        SH:  0    Dex: 10    Spells: 16/23 levels left

rFire   . . .        a - +0 morningstar
rCold   + . .        (no shield)
rNeg    . . .        C - +1 ring mail {rC+}
rPois   .            K - +0 helmet
rElec   .            (no cloak)
rCorr   .            c - +0 pair of gloves
SInv    .            (no boots)
Will    .....        j - amulet of regeneration
Stlth   ++           h - +6 ring of intelligence
HPRegen 1.12/turn    (no ring)
MPRegen 0.17/turn

%: no passive effects
@: no status effects
A: fangs 1, strong nose, distributed training
a: Renounce Religion, Draw Escape, Draw Destruction, Draw Summoning


You were on level 8 of the Dungeon.
You worshipped Nemelex Xobeh.
Nemelex Xobeh was aware of your devotion.
You visited 2 branches of the dungeon, and saw 9 of its levels.

You collected 414 gold pieces.

Inventory:

Hand Weapons
 a - a +0 morningstar (weapon)
 b - a +0 arbalest
 f - a +1 vampiric dagger
 m - a +1 long sword of freezing
 E - a +0 mace
 G - a +3 great sword
Missiles
 n - 3 atropa-tipped darts
 u - 2 javelins (quivered)
 H - a curare-tipped dart
Armour
 c - a +0 pair of gloves (worn)
 y - a +0 leather armour
 C - a +1 ring mail of cold resistance (worn)
 K - a +0 helmet (worn)
Jewellery
 h - a +6 ring of intelligence (left hand)
 j - an amulet of regeneration (around neck)
 w - an amulet of guardian spirit
 z - a ring of fire
Scrolls
 d - 3 scrolls of fear
 g - a scroll of identify
 l - 2 scrolls of teleportation
 o - a scroll of enchant armour
 r - a scroll of vulnerability
 s - 2 scrolls of fog
 A - a scroll of blinking
 D - a scroll of torment
 I - a scroll of immolation
Potions
 e - 2 potions of resistance
 i - a potion of berserk rage
 k - 3 potions of lignification
 p - 2 potions of might
 q - a potion of brilliance
 t - a potion of invisibility {unknown}
 v - a potion of attraction {unknown}
 x - a potion of degeneration {unknown}
 B - 2 potions of heal wounds
 F - a potion of mutation {unknown}
 J - a potion of magic {unknown}


   Skills:
 + Level 6.9 Fighting
 + Level 5.1 Short Blades
 + Level 5.1 Long Blades
 + Level 5.1 Axes
 + Level 8.4 Maces & Flails
 + Level 5.1 Polearms
 + Level 5.1 Staves
 + Level 5.1 Ranged Weapons
 + Level 5.1 Throwing
 + Level 5.1 Armour
 + Level 6.9 Dodging
 + Level 5.1 Stealth
 + Level 5.1 Shields
 + Level 5.1 Unarmed Combat
 + Level 7.2 Spellcasting
 + Level 7.0 Conjurations
 + Level 4.2 Hexes
 + Level 4.2 Summonings
 + Level 4.2 Necromancy
 + Level 4.2 Translocations
 + Level 4.2 Transmutations
 + Level 4.2 Fire Magic
 + Level 4.2 Ice Magic
 + Level 4.2 Air Magic
 + Level 4.2 Earth Magic
 + Level 4.2 Poison Magic
 + Level 5.6 Invocations
 + Level 5.1 Evocations


You had 16 spell levels left.
You knew the following spells:

 Your Spells              Type           Power      Damage    Failure   Level
a - Kiss of Death         Conj/Necr      100%       2d13      1%          1
b - Momentum Strike       Conj/Tloc      68%        3d9       2%          2
c - Olgreb's Toxic Radia  Pois           27%        N/A       26%         4

Your spell library contained the following spells:

 Spells                   Type           Power      Damage    Failure   Level
 Shock                    Conj/Air       100%       1d9       1%          1
 Sandblast                Erth           54%        2d13      2%          1
 Sting                    Tmut/Pois      100%       1d8       2%          1
 Ensorcelled Hibernation  Hex/Ice        54%        N/A       4%          2
 Passwall                 Tmut/Erth      22%        N/A       4%          2
 Poisonous Vapours        Pois/Air       54%        N/A       4%          2
 Hailstorm                Conj/Ice       34%        3d9       4%          3
 Stone Arrow              Conj/Erth      68%        3d11      4%          3
 Inner Flame              Hex/Fire       27%        N/A       9%          3
 Spider Form              Tmut/Pois      27%        N/A       9%          3
 Swiftness                Air            27%        N/A       9%          3
 Flame Wave               Conj/Fire      34%        2d10      16%         4
 Sticky Flame             Conj/Fire      34%        2d5       16%         4
 Airstrike                Air            13%        2d(2-18)  26%         4
 Anguish                  Hex/Necr       13%        N/A       26%         4
 Leda's Liquefaction      Hex/Erth       13%        N/A       26%         4
 Lee's Rapid Deconstruct  Erth           13%        3d9*      58%         5
 Statue Form              Tmut/Erth      18%        N/A       99%         6


Dungeon Overview and Level Annotations

Branches:
Dungeon (8/15)             Temple (1/1) D:4
   Lair: D:8-11

Altars:
Ashenzari
Dithmenos
Fedhas
Gozag
Hepliaklqana
Kikubaaqudgha
Makhleb
Nemelex Xobeh
Okawaru
Qazlal
Ru
Trog
Uskayaw
Wu Jian
Xom
Yredelemnul
Zin


Innate Abilities, Weirdness & Mutations

You have very sharp teeth.
Your uncanny sense of smell can sniff out nearby items.
Your experience applies equally to all skills.


Message History

You throw a javelin.
The javelin pierces through the bullfrog.
The bullfrog is almost dead.
The javelin barely misses the efreet.
The bullfrog hits you but does no damage.
The bullfrog closely misses you.
The bullfrog hits you but does no damage. x2
You hit the efreet. You punch the efreet.
You bite the efreet, but do no damage.
The efreet is moderately wounded.
You kill the bullfrog! x2
The efreet misses you.
Your Conjurations skill increases to level 7!
You hit the efreet. You bite the efreet, but do no damage.
The efreet is heavily wounded.
The efreet hits you with a +2 scimitar of flaming!
The efreet burns you!
You hit the efreet but do no damage. You bite the efreet, but do no damage.
The efreet is heavily wounded.
The efreet hits you with a +2 scimitar of flaming!
The efreet burns you.
You hit the efreet.
The efreet is heavily wounded.
The efreet gestures at you. The bolt of fire hits you!
You barely miss the efreet.
The efreet is heavily wounded.
The efreet gestures at you. The bolt of fire hits you!
* * * LOW HITPOINT WARNING * * *
The efreet hits you with a +2 scimitar of flaming.
* * * LOW HITPOINT WARNING * * *
The efreet burns you.
* * * LOW HITPOINT WARNING * * *
You barely miss the efreet.
The efreet is heavily wounded.
The efreet gestures at you.
The fireball explodes!
The fireball engulfs you!!
You die...
Your body disappears without a glow.

###### #....# ##########
#....# # .#.......#
#....#####..
.#.......######...........
.........##...............
.................R........
................@†.....(..
............#####†......°.
..........#.... #........°
..........#.....#.........
................+...>.....
...###....#.....#.........
.... .....#.............##
........#


You could see an efreet.

Vanquished Creatures
  A shadow (D:7)
  Grum (D:7)
  A steam dragon (D:7)
  A water moccasin (D:4)
  2 hornet zombies (D:7)
  3 ice beasts (D:7)
  An ogre (D:6)
  3 wolves
  A centaur (D:7)
  A kobold brigand (D:7)
  4 bullfrogs
  A wyvern zombie (D:7)
  2 scorpions
  9 wights
  8 killer bees
  2 howler monkeys (D:7)
  2 bullfrog zombies (D:7)
  2 centaur zombies (D:7)
  3 hounds
  5 orc priests
  3 jellies
  2 iguanas
  2 orc wizards (D:6)
  A killer bee zombie (D:7)
  5 adders
  4 worms
  A dart slug (D:3)
  16 orcs
  6 bats
  6 endoplasms
  2 giant cockroaches
  8 goblins
  8 hobgoblins
  11 jackals
  10 kobolds
  8 ball pythons
  3 frilled lizards
  5 rats
154 creatures vanquished.

Notes
Turn   | Place    | Note
-------+----------+-------------------------------------------
     0 | D:1      | bearlyready the Gnoll Reaver began the quest for the Orb.
     0 | D:1      | Reached XP level 1. HP: 20/20 MP: 6/6
   143 | D:1      | Reached XP level 2. HP: 26/26 MP: 7/7
   539 | D:1      | Reached skill level 5 in Spellcasting
   539 | D:1      | Reached XP level 3. HP: 31/31 MP: 7/9
   818 | D:2      | Reached skill level 1 in Invocations
  1024 | D:2      | Reached skill level 1 in Short Blades
  1024 | D:2      | Reached skill level 1 in Long Blades
  1024 | D:2      | Reached skill level 1 in Axes
  1024 | D:2      | Reached skill level 1 in Polearms
  1024 | D:2      | Reached skill level 1 in Staves
  1024 | D:2      | Reached skill level 1 in Ranged Weapons
  1024 | D:2      | Reached skill level 1 in Throwing
  1024 | D:2      | Reached skill level 1 in Armour
  1024 | D:2      | Reached skill level 1 in Stealth
  1024 | D:2      | Reached skill level 1 in Shields
  1024 | D:2      | Reached skill level 1 in Unarmed Combat
  1024 | D:2      | Reached skill level 1 in Evocations
  1529 | D:3      | Reached XP level 4. HP: 38/38 MP: 11/11
  2094 | D:3      | Reached skill level 1 in Hexes
  2094 | D:3      | Reached skill level 1 in Summonings
  2094 | D:3      | Reached skill level 1 in Necromancy
  2094 | D:3      | Reached skill level 1 in Translocations
  2094 | D:3      | Reached skill level 1 in Transmutations
  2094 | D:3      | Reached skill level 1 in Fire Magic
  2094 | D:3      | Reached skill level 1 in Ice Magic
  2094 | D:3      | Reached skill level 1 in Air Magic
  2094 | D:3      | Reached skill level 1 in Earth Magic
  2094 | D:3      | Reached skill level 1 in Poison Magic
  2401 | D:4      | Noticed a water moccasin
  2410 | D:4      | Killed a water moccasin
  2411 | D:4      | Reached XP level 5. HP: 27/43 MP: 9/12
  2448 | D:4      | Reached XP level 6. HP: 43/50 MP: 13/13
  2451 | D:4      | Learned a level 2 spell: Momentum Strike
  2495 | D:4      | Reached skill level 5 in Fighting
  2495 | D:4      | Reached skill level 5 in Dodging
  2583 | D:4      | Found an opulent altar of Gozag.
  2598 | D:4      | Found a staircase to the Ecumenical Temple.
  2615 | Temple   | Entered the Ecumenical Temple
  2787 | Temple   | Became a worshipper of Nemelex Xobeh the Trickster
  3039 | D:5      | Entered Level 5 of the Dungeon
  3123 | D:5      | Reached skill level 7 in Maces & Flails
  3123 | D:5      | Reached XP level 7. HP: 56/56 MP: 15/15
  3452 | D:5      | Found an ornate altar of the Wu Jian Council.
  3800 | D:6      | Reached * piety under Nemelex Xobeh
  3968 | D:6      | Reached XP level 8. HP: 48/58 MP: 16/16
  3988 | D:6      | Learned a level 4 spell: Olgreb's Toxic Radiance
  4350 | D:7      | HP: 1/61 [wight/+3 great sword (5)]
  4594 | D:7      | Reached XP level 9. HP: 35/69 MP: 18/18
  4660 | D:7      | Found a basalt altar of Yredelemnul.
  4774 | D:7      | Found a hide-covered altar of Uskayaw.
  5034 | D:7      | Received a gift from Nemelex Xobeh
  5139 | D:7      | Reached skill level 8 in Maces & Flails
  5243 | D:7      | Found a stormy altar of Qazlal.
  5292 | D:7      | Reached skill level 5 in Invocations
  5415 | D:8      | Noticed Grum
  5631 | D:7      | Killed Grum
  5722 | D:8      | Reached skill level 5 in Short Blades
  5722 | D:8      | Reached skill level 5 in Long Blades
  5722 | D:8      | Reached skill level 5 in Axes
  5722 | D:8      | Reached skill level 5 in Polearms
  5722 | D:8      | Reached skill level 5 in Staves
  5722 | D:8      | Reached skill level 5 in Ranged Weapons
  5722 | D:8      | Reached skill level 5 in Throwing
  5722 | D:8      | Reached skill level 5 in Armour
  5722 | D:8      | Reached skill level 5 in Stealth
  5722 | D:8      | Reached skill level 5 in Shields
  5722 | D:8      | Reached skill level 5 in Unarmed Combat
  5722 | D:8      | Reached skill level 5 in Evocations
  5726 | D:8      | Reached XP level 10. HP: 66/77 MP: 20/20
  5808 | D:8      | Killed from afar by an efreet

Illustrated notes

Levels and vault maps discovered:
D:1:      elethiomel_arrival_shortcut, layout_rooms,
          amcnicky_mini_corridor_feature,
          nicolae_concentric_dashed_squares_wild, roderic_filled_cross
D:2:      layout_basic, chequers_serial_rivers_micro_e
D:3:      layout_basic, minmay_fountain_box
D:4:      layout_loops_ring, grunt_gozag_statues,
          nicolae_tso_swordbearing_angel, minmay_temple_entry_proselytizer,
          minmay_goblin_outpost
D:5:      layout_cave_pools, nzn_wu_jian_contemplation
D:6:      layout_basic, minmay_crossroads
D:7:      layout_loops_ring, lemuel_doored_altar, mainiacjoe_overflow_alcove_2,
          nicolae_yredelemnul_corpse_copse, serial_glass, glass_columns_b,
          glass_columns_a
D:8:      layout_basic, mainiacjoe_overflow_divided_tiny, uniq_grum
Temple:   hellmonk_temple_forest_ring

Skill      XL: |  1  2  3  4  5  6  7  8  9 10 |
---------------+-------------------------------+-----
Spellcasting   | 5 6 7 |  7.2
Invocations    | 1 2 3 4 5 |  5.6
Short Blades   | 1 2 3 5 |  5.1
Long Blades    | 1 2 3 5 |  5.1
Axes           | 1 2 3 5 |  5.1
Polearms       | 1 2 3 5 |  5.1
Staves         | 1 2 3 5 |  5.1
Ranged Weapons | 1 2 3 5 |  5.1
Throwing       | 1 2 3 5 |  5.1
Armour         | 1 2 3 5 |  5.1
Stealth        | 1 2 3 5 |  5.1
Shields        | 1 2 3 5 |  5.1
Unarmed Combat | 1 2 3 5 |  5.1
Evocations     | 1 2 3 5 |  5.1
Hexes          | 1 2 3 4 |  4.2
Summonings     | 1 2 3 4 |  4.2
Necromancy     | 1 2 3 4 |  4.2
Translocations | 1 2 3 4 |  4.2
Transmutations | 1 2 3 4 |  4.2
Fire Magic     | 1 2 3 4 |  4.2
Ice Magic      | 1 2 3 4 |  4.2
Air Magic      | 1 2 3 4 |  4.2
Earth Magic    | 1 2 3 4 |  4.2
Poison Magic   | 1 2 3 4 |  4.2
Fighting       | 5 6 |  6.9
Dodging        | 5 6 |  6.9
Maces & Flails | 7 8 |  8.4
Conjurations   | 6 7 |  7.0

Action                     |  1- 3 |  4- 6 |  7- 9 | 10-12 || total
---------------------------+-------+-------+-------+-------++-------
  Melee: Mace              |    22 |    98 |    59 |       ||   179
         Bite              |    11 |    22 |    42 |     3 ||    78
         Dagger            |   159 |   150 |       |       ||   309
         Morningstar       |       |       |   357 |    12 ||   369
         Punch             |       |       |     8 |     1 ||     9
   Fire: Arbalest          |       |     2 |    24 |       ||    26
  Throw: Dart              |       |       |     4 |       ||     4
         Javelin           |       |       |       |     2 ||     2
   Cast: Kiss of Death     |       |     2 |     3 |       ||     5
         Momentum Strike   |       |       |     9 |     1 ||    10
         Olgreb's Toxic Ra |       |       |       |     2 ||     2
  Evoke: Wand              |       |       |    11 |       ||    11
    Use: Scroll            |       |       |    13 |       ||    13
         Potion            |       |       |     1 |       ||     1
   Stab: Sleeping          |     1 |     1 |       |       ||     2
         Distracted        |       |     1 |       |       ||     1
         Paralysed         |       |       |    17 |       ||    17
 Armour: Leather armour    |    46 |    73 |       |       ||   119
         Ring mail         |       |       |   194 |     8 ||   202
  Dodge: Dodged            |   134 |   149 |   305 |    11 ||   599
